 Dungeon Crawl Stone Soup version 0.27.0-1-g7a089689b8 (webtiles) character file.

Game seed: 16790256168522246882

9 dduke234 the Skirmisher (level 2, -1/24 HPs)
             Began as a Demonspawn Monk on Aug 12, 2021.
             Slain by a hobgoblin (3 damage)
             ... on level 1 of the Dungeon.
             The game lasted 00:00:35 (311 turns).

dduke234 the Skirmisher (Demonspawn Monk)            Turns: 311, Time: 00:00:36

Health: -1/24      AC:  2    Str: 11    XL:     2   Next: 3%
Magic:  2/2        EV: 13    Int: 11    God:
Gold:   0          SH:  0    Dex: 15    Spells: 1/1 levels left

rFire    . . .     SeeInvis .   a - +0 falchion
rCold    . . .     Faith    .   (no shield)
rNeg     . . .     Spirit   .   b - +0 robe
rPois    .         Reflect  .   (helmet restricted)
rElec    .         Harm     .   (no cloak)
rCorr    .         Rampage  .   (no gloves)
Will     .....                  (no boots)
Stlth    ++........             (no amulet)
HPRegen  0.08/turn              (no ring)
MPRegen  0.08/turn              (no ring)

@: no status effects
A: antennae 1
a: no special abilities


You were on level 1 of the Dungeon.
You visited 1 branch of the dungeon, and saw 1 of its levels.

Inventory:

Hand Weapons
 a - a +0 falchion (weapon)
Armour
 b - a +0 robe (worn)


   Skills:
 * Level 3.2 Fighting
 * Level 2.9 Long Blades
 + Level 2.7 Dodging
 * Level 1.9 Stealth


You had one spell level left.
You didn't know any spells.
Your spell library contained the following spells:

 Spells                   Type           Power      Damage    Failure   Level
 Sting                    Tmut/Pois      0%         1d3       34%         1
 Poisonous Vapours        Pois/Air       0%         N/A       47%         2
 Olgreb's Toxic Radiance  Pois           0%         N/A       98%         4


Dungeon Overview and Level Annotations

Branches:
Dungeon (1/15)

Altars:


Innate Abilities, Weirdness & Mutations

You have a pair of small antennae on your head.


Message History

You hit the bat.
The bat is moderately wounded.
The bat barely misses you. The endoplasm closely misses you.
A hobgoblin comes into view.
The endoplasm barely misses you. The bat hits you.
You hit the endoplasm.
You kill the endoplasm!
The bat closely misses you.
You riposte.
You hit the bat.
The bat is moderately wounded.
The bat closely misses you. The bat hits you but does no damage.
You closely miss the bat.
The hobgoblin shouts!
The bat closely misses you.
You riposte.
You closely miss the bat. The bat hits you. The bat barely misses you.
The bat hits you but does no damage. The bat closely misses you.
You riposte.
You barely miss the bat. You hit the bat but do no damage.
The bat closely misses you. The bat barely misses you.
The bat hits you but does no damage. The hobgoblin hits you.
* * * LOW HITPOINT WARNING * * *
The hobgoblin hits you but does no damage.
You hit the bat.
You kill the bat!
The hobgoblin barely misses you.
You have reached level 2!
Your demonic ancestry asserts itself...
A pair of antennae grows on your head! The hobgoblin hits you.
* * * LOW HITPOINT WARNING * * *
You see here a bat corpse.
You barely miss the hobgoblin. The hobgoblin barely misses you.
You hit the hobgoblin but do no damage. The hobgoblin barely misses you.
You riposte.
You hit the hobgoblin.
The hobgoblin is almost dead.
You hit the hobgoblin but do no damage.
The hobgoblin is almost dead.
The hobgoblin hits you.
You die...

#.......#####...#....
.######.####..#####..)..###
......#.####.........####
#......#.#######.##
###.##.#.# ###...# #......#
#.###)# ####.### #.....#
####.# ###.#.#.###
#####..g@# #.........#
#.......## #.#.#.#.#.#
...#.............#.#......
#.#.....#.#.###.###.#.#
.........#......<......#
...#.......#.#.###.###.#.#
............ #.# ..
##.........## #.# #
#.##......# ...


You could see a hobgoblin.

Vanquished Creatures
  A dart slug (D:1)
  A bat (D:1)
  An endoplasm (D:1)
  A goblin (D:1)
  A hobgoblin (D:1)
  A kobold (D:1)
6 creatures vanquished.

Notes
Turn   | Place    | Note
-------+----------+-------------------------------------------
     0 | D:1      | dduke234 the Demonspawn Monk began the quest for the Orb.
     0 | D:1      | Reached XP level 1. HP: 18/18 MP: 1/1
   308 | D:1      | Gained mutation: You have a pair of small antennae on your
                  | head. [demonic ancestry]
   308 | D:1      | Reached XP level 2. HP: 7/24 MP: 2/2
   311 | D:1      | Slain by a hobgoblin

Illustrated notes

Levels and vault maps discovered:
D:1:      roderic_chinese_lattice_arrival, layout_loops_cross

Action                   || total
-------------------------++-------
Melee: Falchion          ||    19
Armor: Robe              ||     9
Dodge: Dodged            ||    16
       Rpst.: Falchion   ||     5
